 Dungeon Crawl Stone Soup version 0.18-a0-1390-gc02854d (webtiles) character file.

491 wvc the Insei (level 7, -10/63 HPs)
             Began as a Naga Monk on Feb 22, 2016.
             Mangled by an ogre
             ... wielding a +0 giant club
              (14 damage)
             ... on level 4 of the Dungeon.
             The game lasted 00:09:46 (3284 turns).

wvc the Insei (Naga Monk)                           Turns: 3284, Time: 00:09:46

Health: -10/63     AC:  9    Str: 13    XL:     7   Next: 14%
Magic:  10/10      EV: 11    Int: 13    God:
Gold:   119        SH:  0    Dex: 13    Spells: 1 memorised, 4 levels left

rFire  . . .     SeeInvis +       - Unarmed
rCold  . . .     Gourm    .     p - +1 robe {MR+}
rNeg   . . .     Faith    .     (no shield)
rPois  +         Spirit   .     (no helmet)
rElec  .         Dismiss  .     w - +0 cloak
rCorr  .         Reflect  .     (no gloves)
SustAt .         Harm     .     (no barding)
MR     ++...                    (no amulet)
Stlth  ++........               a - ring of protection from magic
                                u - +4 ring of protection

@: short of breath, very slightly contaminated, hasted, quick, very resistant to
hostile enchantments, unstealthy
A: see invisible, deformed body, poison resistance, slowness 2, slow metabolism
1, spit poison 2, AC +2
a: Spit Poison


You were on level 4 of the Dungeon.
You were not hungry.

You visited 1 branch of the dungeon, and saw 5 of its levels.

You collected 119 gold pieces.

Inventory:

Hand Weapons
 c - a +0 spear
 h - a +0 blowgun
 m - a +0 dagger of freezing
Missiles
 g - 44 poisoned needles
 t - 8 needles of paralysis
Armour
 d - a +0 leather armour
 f - a +0 ring mail
 p - a +1 robe of magic resistance (worn)
 w - a +0 cloak (worn)
Jewellery
 a - a ring of protection from magic (right hand)
 j - an uncursed ring of fire
 u - a +4 ring of protection (left hand)
Wands
 o - a wand of random effects (48/48)
Scrolls
 i - 5 scrolls of remove curse
Potions
 e - a potion of haste
 n - a potion of magic
 q - a potion of mutation {unknown}
 s - a potion of cancellation {unknown}
Books
 x - a book of Transfigurations

   Spells                             Type                      Level
   a - Irradiate                      Conjuration/Transmutation    5
   b - Statue Form                    Transmutation/Earth          6
   c - Hydra Form                     Transmutation                6
   d - Dragon Form                    Transmutation                7
Comestibles
 b - 4 bread rations
 l - 3 meat rations
 r - a beef jerky
 v - a chunk of flesh


   Skills:
 - Level 3.7 Fighting
 - Level 4.0 Polearms
 + Level 0.2 Armour
 - Level 3.1 Dodging
 - Level 3.0 Stealth
 - Level 4.0 Unarmed Combat
 * Level 2.4 Spellcasting
 * Level 2.1 Transmutations
 * Level 2.5 Earth Magic


You had 4 spell levels left.
You knew the following spells:

 Your Spells              Type           Power        Failure   Level  Hunger
a - Statue Form           Trmt/Erth      #........    100%        6    #######


Dungeon Overview and Level Annotations

Branches:
Dungeon (5/15)
 Temple: D:4-7

Altars:
Kikubaaqudgha
Makhleb
Trog


Innate Abilities, Weirdness & Mutations

You cannot wear boots.
Your serpentine skin is tough (AC +2).
You have supernaturally acute eyesight.
Armour fits poorly on your strangely shaped body.
Your system is resistant to poisons.
You cover ground very slowly.
You have a slow metabolism.
You can spit poison.


Message History

Aim: an ogre, wielding a giant club The splash of poison hits the ogre.
The ogre is lightly wounded.
You feel slightly more hungry.
The orc priest looks more healthy.
The orc priest invokes the aid of Beogh against you.
Beogh smites you!
* * * LOW HITPOINT WARNING * * *
The ogre barely misses you.
Drink which item? (? for menu, Esc to quit)
You feel better.
The orc priest hits you but does no damage.
Drink which item? (? for menu, Esc to quit)
You feel yourself speed up. The ogre misses you.
The orc priest hits you with a dagger.
* * * LOW HITPOINT WARNING * * *
You are very lightly contaminated with residual magic.
You hit the ogre.
The ogre is moderately wounded.
The ogre hits you with a giant club!
You die...

######.......#
....##.#####.#
###.##.#####.#
#.......##.#
##.........#
##......######
##.#.#......########
#.#...####.).......
#.##### #.@######
#+# #Oo######.#
#..#......# #......#
##.#.#.# # #.)..# .
....... # ###....O.
##.#..##


You could see an ogre and an orc priest.

Vanquished Creatures
  The ghost of wvc the Magician, an amateur NaTm (D:3)
  A crimson imp (D:3)
  Jessica (D:3)
  An iguana (D:4)
  A worker ant (D:4)
  3 gnolls (D:3)
  6 adders
  2 oozes
  2 worms (D:3)
  2 dart slugs
  2 giant geckos
  5 orcs
  A ball python (D:1)
  7 bats
  5 giant cockroaches
  8 goblins
  6 hobgoblins
  7 kobolds
  A quokka (D:3)
  5 giant newts
  4 rats
71 creatures vanquished.

Notes
Turn   | Place    | Note
--------------------------------------------------------------
     0 | D:1      | wvc the Naga Monk began the quest for the Orb.
     0 | D:1      | Reached XP level 1. HP: 21/21 MP: 1/1
    71 | D:1      | Reached skill level 1 in Polearms
   140 | D:1      | Reached XP level 2. HP: 24/28 MP: 2/2
   740 | D:1      | Reached XP level 3. HP: 31/34 MP: 3/3
  1060 | D:2      | Found a bloodstained altar of Trog.
  1244 | D:2      | Reached XP level 4. HP: 39/42 MP: 4/4
  1926 | D:3      | Reached XP level 5. HP: 18/49 MP: 5/5
  2129 | D:3      | Noticed wvc's ghost (amateur NaTm)
  2598 | D:3      | Found a burning altar of Makhleb.
  2618 | D:3      | Reached skill level 1 in Spellcasting
  2647 | D:3      | Noticed Jessica
  2656 | D:3      | Killed Jessica
  2656 | D:3      | Reached XP level 6. HP: 42/57 MP: 7/7
  2683 | D:3      | Learned a level 6 spell: Statue Form
  2753 | D:3      | Killed wvc's ghost
  2753 | D:3      | Reached skill level 1 in Transmutations
  2838 | D:3      | Reached XP level 7. HP: 63/63 MP: 10/10
  3157 | D:4      | Found an ancient bone altar of Kikubaaqudgha.
  3269 | D:5      | Entered Level 5 of the Dungeon
  3281 | D:4      | HP: 1/63 [orc priest/divine providence (15)]
  3284 | D:4      | Mangled by an ogre

Vault maps used:
D:1:      zaba_arrival_water
D:2:      trog_book
D:3:      makhleb_grotto_becter, first_bread, uniq_jessica
D:4:      kiku_gazebo_garden_becter, minmay_temple_entry_enclosed_plants,
          uniq_edmund

Skill      XL: |  1  2  3  4  5  6  7 |
---------------+----------------------+-----
Polearms       | 1 2 3 4 |  4.0
Spellcasting   | 1 2 |  2.4
Dodging        | 3 |  3.1
Transmutations | 1 2 |  2.1
Earth Magic    | 2 |  2.5
Fighting       | |  3.7
Armour         | |  0.2
Stealth        | |  3.0
Unarmed Combat | |  4.0

Action                   |  1- 3 |  4- 6 |  7- 9 || total
-------------------------+-------+-------+-------++-------
Melee: Unarmed           |    91 |   221 |    25 ||   337
 Fire: Blowgun           |       |       |     2 ||     2
 Abil: Spit Poison       |     4 |    11 |     4 ||    19
  Use: Scroll            |       |     7 |     2 ||     9
       Potion            |       |     2 |     2 ||     4
 Stab: Sleeping          |     7 |     5 |     2 ||    14
  Eat: Chunk             |     1 |     2 |       ||     3
       Meat ration       |       |     1 |       ||     1
